 Dungeon Sprint DCSS version 0.30-a0-465-g8901f6c8b5 (webtiles) character file.

Game seed: 9140596860060655771

5513 holysushi the Spry (level 11, 77/77 HPs)
             Began as a Kobold Monk on Dec 18, 2022.
             Quit the game in the Dungeon (Sprint V: "Ziggurat Sprint").
             The game lasted 00:04:01 (913 turns).

holysushi the Spry (Kobold Monk)                     Turns: 913, Time: 00:04:01

Health: 77/77      AC:  7    Str:  8    XL:     11   Next: 1%
Magic:  20/20      EV: 56    Int: 11    God:
Gold:   0          SH: 10    Dex: 35    Spells: 10/10 levels left

rFire   . . .      SeeInvis .    k - +5 quick blade
rCold   . . .      Faith    .    j - +3 buckler
rNeg    . . .      Spirit   .    x - +2 steam dragon scales
rPois   .          Reflect  .    (no helmet)
rElec   .          Harm     .    (no cloak)
rCorr   +          Rampage  .    (no gloves)
Will    .....      NoTele   +    (no boots)
Stlth   ++++++++..               A - amulet of the acrobat
HPRegen 0.32/turn                w - +6 ring of dexterity
MPRegen 0.17/turn                C - ring of Toupn {rCorr MP+9 Dex+6}

@: acrobatic
A: small, no large weapons, nightstalker 3
a: no special abilities


You were in the Dungeon.
You visited 1 branch

Inventory:

Hand Weapons
 a - a +0 short sword
 k - a +5 quick blade (weapon)
Armour
 b - a +0 robe
 j - a +3 buckler (worn)
 x - +2 steam dragon scales (worn)
 z - the +18 shield of the Gong {rElec rN+ Will+ EV-5}
   (You found it in the Dungeon)

   It is deafeningly noisy when blocking attacks.
   EV:        It affects your evasion (-5).
   rElec:     It insulates you from electricity.
   rN:        It protects you from negative energy.
   Will:      It increases your willpower.
Jewellery
 w - a +6 ring of dexterity (left hand)
 A - an amulet of the acrobat (around neck)
 C - the ring of Toupn (right hand) {rCorr MP+9 Dex+6}
   (You found it in the Dungeon)

   [ring of magical power]

   Dex:       It affects your dexterity (+6).
   MP:        It affects your magic capacity (+9).
   rCorr:     It protects you from acid and corrosion.
Wands
 u - a wand of mindburst (7)
 v - a wand of light (7)
Scrolls
 i - 4 scrolls of blinking
 q - 4 scrolls of amnesia
 r - 6 scrolls of fog
 s - 5 scrolls of identify
 t - a scroll of fear
Potions
 c - a potion of ambrosia
 d - 9 potions of curing
 e - 9 potions of heal wounds
 f - 6 potions of haste
 g - 7 potions of magic
 h - 3 potions of berserk rage
 l - 2 potions of brilliance
 m - a potion of invisibility
 n - 4 potions of resistance
 p - 5 potions of might
Miscellaneous
 o - a box of beasts
 y - a lightning rod (4/4)
 B - a condenser vane
 D - a phial of floods


   Skills:
 - Level 12.8 Fighting
 - Level 11.5 Short Blades
 + Level 18.6 Dodging
 - Level 15.9 Stealth
 - Level 10.0 Evocations


You had 10 spell levels left.
You didn't know any spells.
Your spell library contained the following spells:

 Spells                   Type           Power      Damage    Failure   Level
 Leda's Liquefaction      Hex/Erth       0%         N/A       99%         4
 Iron Shot                Conj/Erth      0%         9d1       100%        6
 Lehudib's Crystal Spear  Conj/Erth      0%         10d2      100%        8


Dungeon Overview and Level Annotations

Branches:
Dungeon (1/1) Zot: 27000

Altars:
Ashenzari
Cheibriados
Dithmenos
Elyvilon
Fedhas
Gozag
Hepliaklqana
Kikubaaqudgha
Makhleb
Nemelex Xobeh
Okawaru
Qazlal
Ru
Sif Muna
Trog
Uskayaw
Vehumet
Wu Jian
Xom
Yredelemnul
Zin
The Shining One
Jiyva
Lugonu

Annotations:
D 1 transporter


Innate Abilities, Weirdness & Mutations

You are small and have problems with some larger weapons.
You are completely attuned to the shadows.


Message History

You kill the spriggan!
You kill the black bear!
The wolf looks as sick as possible!
The wolf misses you.
You puncture the black bear!
You kill the black bear!
The spriggan rider is engulfed in poison gas.
The spriggan rider looks as sick as possible!
The spriggan rider hits you from afar with a +0 spear!
Your condenser vane has recharged.
You closely miss the wolf.
The wolf is almost dead.
The wolf is engulfed in poison gas.
The wolf looks as sick as possible!
The wolf completely misses you.
You closely miss the wolf.
The wolf is almost dead.
You kill the hornet!
The spriggan falls from its now dead mount.
The wolf is engulfed in poison gas.
The wolf looks as sick as possible!
You kill the wolf!
Your Dodging skill increases to level 18!
No reachable target in view!
Really walk into that cloud of poison gas? [Y]es or [N]o only, please.
Really walk into that cloud of poison gas? [Y]es or [N]o only, please.
Really walk into that cloud of poison gas?
Okay, then.
The spriggan is engulfed in poison gas.
The spriggan looks as sick as possible!
You kill the spriggan!
You have reached level 11!
You start resting.
HP restored.
Found a transporter.
Things that are here:
a +0 spear; a black bear corpse; a wolf corpse You see here the +8 lajatang of Past Mistakes {flame, rC+ rN+ Str+2}.
You see here the +2 plate armour of Repulsion {rF+ rC+ Str+2}.
You see here a +1 robe of willpower.
You see here the +9 plate armour of Jevinnogyi {Int+4}.
You see here a +2 dagger of electrocution.
Are you sure you want to abandon this character and quit the game? (Confirm with "yes".)

▓...:)...▓..||)...▓
▓.†.†....▓....)...▓
▓........▓..=††...▓
▓........▓........▓
▓.▓....▓.▓........▓
▓...©....▓...©....▓
▓▓▓▓▓▓▓▓▓▓▓▓▓▓▓▓▓▓▓
▓...8©8...▓..8©8..▓
▓..@[[[...▓..)|...▓
▓...))[...▓..})[..▓
▓.........▓.......▓
▓...†)†...▓.......▓
▓...).....▓.......▓
.........▓.......▓
.▓.....▓.▓.▓...▓.▓
....©....▓...©...▓
▓▓▓▓▓▓▓▓▓▓▓▓▓▓▓▓▓▓


There were no monsters in sight!

Vanquished Creatures
  3 deep elf archers (D)
  A deep elf pyromancer (D)
  3 guardian mummies (D)
  2 polar bears (D)
  A hornet (D)
  2 tarantellas (D)
  A slime creature (D)
  A flying skull (D)
  A jumping spider (D)
  2 spriggans (D)
  A ynoxinul (D)
  A golden eye (D)
  A floating eye (D)
  An ice beast (D)
  2 black bears (D)
  3 wolves (D)
  A scorpion (D)
  A small abomination (D)
  A crimson imp (D)
  A quasit (D)
  2 iron imps (D)
  A mummy (D)
  An adder (D)
  2 white imps (D)
  A ball python (D)
  A quokka zombie (D)
38 creatures vanquished.

Notes
Turn   | Place    | Note
-------+----------+-------------------------------------------
     0 | D        | holysushi the Kobold Monk began the quest for the Orb.
     0 | D        | Reached XP level 1. HP: 14/14 MP: 1/1
     0 | D        | Found a glowing golden altar of the Shining One.
     1 | D        | Found a broken altar of Ashenzari.
     1 | D        | Found a snail-covered altar of Cheibriados.
     1 | D        | Found a shadowy altar of Dithmenos.
    11 | D        | Found a white marble altar of Elyvilon.
    13 | D        | Found a blossoming altar of Fedhas.
    14 | D        | Found a viscous altar of Jiyva.
    14 | D        | Found a hazy altar of Hepliaklqana.
    14 | D        | Found a transporter.
    14 | D        | Found an opulent altar of Gozag.
    17 | D        | Found an ancient bone altar of Kikubaaqudgha.
    26 | D        | Found a radiant altar of Vehumet.
    32 | D        | Found a shimmering blue altar of Sif Muna.
    32 | D        | Found a sacrificial altar of Ru.
    32 | D        | Found a bloodstained altar of Trog.
    32 | D        | Found a stormy altar of Qazlal.
    32 | D        | Found a hide-covered altar of Uskayaw.
    34 | D        | Found an iron altar of Okawaru.
    37 | D        | Found a sparkling altar of Nemelex Xobeh.
    37 | D        | Found the +6 Majin-Bo {vamp, MP+6 Int+6}
    37 | D        | Found the +27 heavy crossbow "Sniper" {vorpal, Acc+∞ SInv}
    37 | D        | Found the +10 dark maul {vorpal}
    37 | D        | Found the +15 Maxwell's patent armour {-Cast -Tele rElec
                  | Will+ rCorr}
    37 | D        | Found the +18 shield of the Gong {rElec rN+ Will+ EV-5}
    37 | D        | Found the +14 obsidian axe {vorpal, Mesm Drain Fly SInv}
    37 | D        | Found the +7 great mace "Firestarter" {inner flame, rF++}
    37 | D        | Found the +6 shillelagh "Devastator" {shatter}
    37 | D        | Found the +11 plutonium sword {Contam Stlth-}
    37 | D        | Found the +8 lance "Wyrmbane" {slay drac, rPois rF+ rC+
                  | AC+3}
    37 | D        | Found the +9 sword of Zonguldrok {reap}
    37 | D        | Found the +13 scythe of Curses {drain, Drain}
    37 | D        | Found the +5 sword of Power {vorpal}
    37 | D        | Found the +7 mace of Variability {chain chaos}
    37 | D        | Found the +7 Singing Sword {vorpal, sonic wave}
    37 | D        | Found the +8 storm bow {elec, penet}
    39 | D        | Found a corrupted altar of Lugonu.
    39 | D        | Found a burning altar of Makhleb.
    52 | D        | Reached skill level 7 in Dodging
    52 | D        | Reached XP level 2. HP: 19/19 MP: 2/2
    57 | D        | Entered arena 2.
    58 | D        | Found a transporter.
    72 | D        | Entered arena 3.
    73 | D        | Noticed a slime creature
    73 | D        | Noticed a golden eye
    73 | D        | Noticed a floating eye
    74 | D        | Found a transporter.
    82 | D        | Killed a floating eye
    83 | D        | Reached skill level 5 in Fighting
    83 | D        | Reached skill level 8 in Dodging
    83 | D        | Reached XP level 3. HP: 26/26 MP: 3/3
    83 | D        | Reached XP level 4. HP: 31/31 MP: 4/4
    83 | D        | Reached XP level 5. HP: 35/35 MP: 5/5
    86 | D        | Killed a golden eye
    87 | D        | Reached skill level 10 in Short Blades
    87 | D        | Reached skill level 9 in Dodging
    87 | D        | Reached XP level 6. HP: 29/42 MP: 6/6
   102 | D        | Killed a slime creature
   103 | D        | Reached skill level 10 in Dodging
   103 | D        | Reached XP level 7. HP: 20/48 MP: 7/7
   213 | D        | Entered arena 4.
   213 | D        | Noticed a deep elf archer
   214 | D        | Noticed a deep elf archer
   214 | D        | Noticed a deep elf pyromancer
   214 | D        | Noticed a deep elf archer
   215 | D        | Found a transporter.
   228 | D        | Noticed a fire elemental
   228 | D        | Noticed a fire elemental
   231 | D        | Killed a deep elf archer
   232 | D        | Reached skill level 11 in Dodging
   232 | D        | Reached skill level 5 in Evocations
   232 | D        | Reached XP level 8. HP: 40/56 MP: 8/8
   240 | D        | Killed a deep elf archer
   241 | D        | Reached skill level 10 in Fighting
   241 | D        | Reached skill level 12 in Dodging
   243 | D        | Killed a deep elf pyromancer
   244 | D        | Reached skill level 13 in Dodging
   244 | D        | Reached XP level 9. HP: 19/64 MP: 9/9
   245 | D        | Killed a deep elf archer
   246 | D        | Reached skill level 14 in Dodging
   483 | D        | Entered arena 5.
   483 | D        | Noticed a tarantella
   484 | D        | Noticed a tarantella
   485 | D        | Found a transporter.
   487 | D        | Killed a tarantella
   488 | D        | Reached skill level 15 in Stealth
   494 | D        | Killed a tarantella
   509 | D        | Reached XP level 10. HP: 59/72 MP: 10/10
   514 | D        | Reached skill level 15 in Dodging
   557 | D        | Entered arena 6.
   559 | D        | Found a transporter.
   622 | D        | Got the ring of Toupn {rCorr MP+9 Dex+6}
   681 | D        | Entered arena 7.
   683 | D        | Found the +2 Maxwell's thermic engine {flame, freeze}
   685 | D        | Found a transporter.
   716 | D        | Reached skill level 16 in Dodging
   754 | D        | Entered arena 8.
   758 | D        | Found a transporter.
   820 | D        | Reached skill level 17 in Dodging
   820 | D        | Reached skill level 10 in Evocations
   846 | D        | Got Lehudib's Enchiridion on Clay
   850 | D        | Entered arena 9.
   853 | D        | Noticed a spriggan rider
   866 | D        | Reached skill level 18 in Dodging
   868 | D        | Reached XP level 11. HP: 65/77 MP: 11/11
   906 | D        | Found a transporter.
   913 | D        | Quit the game

Illustrated notes

Levels and vault maps discovered:
D:        sprint_v [room_start, room_1, room_2, room_3, room_4, room_5, room_6,
          room_7, room_8, room_9, room_10, room_11, room_12, room_13, room_14,
          room_15, room_16, room_17, room_18, room_19, room_20, room_21,
          room_22, room_23, room_24, room_25, room_26, room_27]

Skill      XL: |  1  2  3  4  5  6  7  8  9 10 |
---------------+-------------------------------+-----
Short Blades   | 8 9 10 11 | 11.5
Dodging        | 7 8 9 10 11 13 14 18 | 18.6
Stealth        | 6 8 9 11 14 15 | 15.9
Fighting       | 5 6 7 9 11 12 | 12.8
Evocations     | 5 10 | 10.0

Action                   |  1- 3 |  4- 6 |  7- 9 | 10-12 || total
-------------------------+-------+-------+-------+-------++-------
Melee: Quick blade       |    11 |    18 |    44 |   168 ||   241
Evoke: Condenser vane    |       |       |       |     1 ||     1
  Use: Potion            |     1 |     1 |     2 |       ||     4
       Scroll            |       |       |     2 |       ||     2
 Stab: Invisible         |       |       |     6 |       ||     6
       Sleeping          |       |       |     1 |     1 ||     2
Armor: Robe              |       |       |     1 |     2 ||     3
       Steam dragon scal |       |       |       |     1 ||     1
Dodge: Dodged            |     8 |     4 |    37 |   163 ||   212
Block: Buckler           |     3 |       |    28 |    92 ||   123

Table legend: (Time is in decaauts)
 A = Elapsed time spent in this place.
 B = Non-inter-level travel time spent in this place.
 C = Inter-level travel time spent in this place.
 D = Time resting spent in this place.
 E = Time spent auto-exploring this place.
 F = Levels seen in this place.
 G = Mean time per level.
                   A        B        C        D        E       F      G
               +--------+--------+--------+--------+--------+-----+--------+
         Total |    784 |    784 |      0 |    473 |      2 |   1 |  784.0 |
       Dungeon |    784 |    784 |      0 |    473 |      2 |   1 |  784.0 |
               +--------+--------+--------+--------+--------+-----+--------+

Top non-repeatable levels by time:
       D: 784 daAuts
